 Dungeon Crawl Stone Soup version 0.29-a0-919-gd064cfad1c (webtiles) character file.

Game seed: 2414056736419711757

63 quixfox the Digger (level 4, -1/24 HPs)
             Began as a Gargoyle Earth Elementalist on July 27, 2022.
             Slain by Sigmund
             ... wielding a +4 scythe of protection
              (10 damage)
             ... on level 2 of the Dungeon.
             The game lasted 00:03:01 (1004 turns).

quixfox the Digger (Gargoyle Earth Elementalist)    Turns: 1004, Time: 00:03:02

Health: -1/24      AC:  5    Str: 12    XL:     4   Next: 10%
Magic:  7/8        EV: 11    Int: 17    God:
Gold:   82         SH:  0    Dex: 10    Spells: 3/9 levels left

rFire   . . .      SeeInvis +   l - +0 mace
rCold   . . .      Faith    .   (no shield)
rNeg    + . .      Spirit   .   a - +0 robe
rPois   ∞          Reflect  .   (no helmet)
rElec   +          Harm     .   (no cloak)
rCorr   .          Rampage  .   (no gloves)
Will    .....                   (no boots)
Stlth   +.........              c - amulet of regeneration
HPRegen 0.88/turn               d - ring of see invisible
MPRegen 0.11/turn               g - ring of flight

@: confused, flying
A: sickness immunity, AC +3, negative energy resistance 1, electricity
resistance, torment resistance 1, petrification resistance
a: no special abilities


You were on level 2 of the Dungeon.
You visited 1 branch of the dungeon, and saw 2 of its levels.

You collected 82 gold pieces.

Inventory:

Hand Weapons
 l - a +0 mace (weapon)
Armour
 a - a +0 robe (worn)
Jewellery
 c - an amulet of regeneration (around neck)
 d - a ring of see invisible (left hand)
 g - a ring of flight (right hand)
Wands
 k - a wand of polymorph (2)
Scrolls
 e - a scroll of brand weapon {unknown}
 f - a scroll of immolation {unknown}
 i - a scroll of vulnerability {unknown}
 j - a scroll of noise {unknown}
 m - a scroll of blinking {unknown}
 n - a scroll of teleportation {unknown}
Potions
 b - 2 potions of magic
 h - a potion of brilliance {unknown}


   Skills:
 - Level 1.5 Dodging
 - Level 2.1 Stealth
 + Level 3.1 Spellcasting
 - Level 0.7 Transmutations
 + Level 4.9 Earth Magic


You had 3 spell levels left.
You knew the following spells:

 Your Spells              Type           Power      Damage    Failure   Level
a - Sandblast             Erth           38%        2d10      2%          1
b - Passwall              Tmut/Erth      10%        N/A       9%          2
c - Stone Arrow           Conj/Erth      20%        3d8       19%         3

Your spell library contained the following spells:

 Spells                   Type           Power      Damage    Failure   Level
 Ensorcelled Hibernation  Hex/Ice        4%         N/A       26%         2
 Spider Form              Tmut/Pois      3%         N/A       41%         3
 Petrify                  Tmut/Erth      12%        N/A       47%         4
 Anguish                  Hex/Necr       1%         N/A       86%         4


Dungeon Overview and Level Annotations

Branches:
Dungeon (2/15)

Altars:

Annotations:
D:2 Sigmund


Innate Abilities, Weirdness & Mutations

You are immune to sickness and miasma.
Your stone body is resilient. (AC +3)
You are immune to poison.
You resist negative energy. (rN+)
You are resistant to electric shocks. (rElec)
You are resistant to unholy torment.
You are immune to petrification.


Message History

Aim: Sigmund, wielding a +4 scythe of protection and wearing a +0 robe (80% to hit)
You miscast Sandblast.
You are very lightly contaminated with residual magic.
Nothing appears to happen.
Aiming: Sandblast (safe; 2% risk of failure)
Press: ? - help, Q - select action, (/) - cycle Shift-Dir - straight line, f/p - Sigmund
Aim: Sigmund, wielding a +4 scythe of protection and wearing a +0 robe (80% to hit)
The blast of sand hits Sigmund.
Sigmund is lightly wounded.
Sigmund hits you but does no damage. Sigmund says, "I'm your fate."
Sigmund points at you and mumbles some strange words.
The magic dart hits you!
Your magical contamination has completely faded away.
Sigmund screams, "I am the angel of ZOT!!!"
Sigmund casts a spell at you. The puff of flame hits you!
* * * LOW HITPOINT WARNING * * *
A bat comes into view.
Sigmund points at you and mumbles some strange words.
You are confused.
You bump into the rock wall.
The bat hits you but does no damage.
Sigmund points at you and mumbles some strange words.
You are more confused.
You bump into the rock wall.
The bat barely misses you.
Okay, then.
You bump into the rock wall.
The bat barely misses you. The bat hits you but does no damage.
Found a plate armour.
The bat closely misses you.
You bump into the rock wall.
The bat barely misses you.
You bump into the rock wall.
The bat misses you. The bat hits you but does no damage.
You bump into the rock wall.
The bat hits you. x2
Sigmund hits you from afar with a +4 scythe of protection.
The bat hits you. The bat attacks as you move away!
The bat hits you but does no damage. The bat barely misses you.
You bump into the rock wall.
The bat barely misses you.
Sigmund hits you from afar with a +4 scythe of protection!
You die...

#.# #)# #.# #>.# #.# #.#
#.# #... #.# #.# #.#
..#.# #.# #.# #@# .##.#
##.## #.# #.#
#######.#.###.# #.#
#......###...@###.##.##.
#@#####.#.#..............
#.# ##@##...#########..
#.# #.#######
#.######@b......
#........######[
#†########## #.#.........
##.#.######## #....#
#.#..#


You could see Sigmund and a bat.

Vanquished Creatures
  Jessica (D:2)
  An adder (D:1)
  A dart slug (D:1)
  2 endoplasms (D:1)
  A giant cockroach (D:1)
  4 goblins
  6 hobgoblins
  2 quokkas (D:1)
  2 bats
  2 frilled lizards
  2 kobolds (D:2)
  A rat (D:1)
25 creatures vanquished.

Notes
Turn   | Place    | Note
-------+----------+-------------------------------------------
     0 | D:1      | quixfox the Gargoyle Earth Elementalist began the quest for
                  | the Orb.
     0 | D:1      | Reached XP level 1. HP: 10/10 MP: 3/3
    86 | D:1      | Reached skill level 4 in Earth Magic
    86 | D:1      | Reached XP level 2. HP: 11/15 MP: 0/5
   213 | D:1      | Found a faded altar of an unknown god.
   622 | D:1      | Reached XP level 3. HP: 19/19 MP: 5/7
   629 | D:1      | Learned a level 2 spell: Passwall
   633 | D:1      | Learned a level 3 spell: Stone Arrow
   722 | D:2      | Noticed Jessica
   777 | D:2      | Killed Jessica
   778 | D:2      | Reached XP level 4. HP: 24/24 MP: 6/8
   941 | D:2      | Noticed Sigmund
  1004 | D:2      | Slain by Sigmund

Illustrated notes

Levels and vault maps discovered:
D:1:      heliophobic_arrival_enchanted_forest, layout_basic,
          chequers_ecumenical_altar_island
D:2:      layout_loops_ring, uniq_natasha, uniq_sigmund, uniq_jessica,
          uniq_robin

Skill      XL: |  1  2  3 |
---------------+----------+-----
Earth Magic    | 4 |  4.9
Spellcasting   | 3 |  3.1
Dodging        | |  1.5
Stealth        | |  2.1
Transmutations | |  0.7

Action                   |  1- 3 |  4- 6 || total
-------------------------+-------+-------++-------
 Cast: Sandblast         |    27 |    11 ||    38
Armor: Robe              |     9 |     6 ||    15
Dodge: Dodged            |    23 |    10 ||    33

Table legend: (Time is in decaauts)
 A = Elapsed time spent in this place.
 B = Non-inter-level travel time spent in this place.
 C = Inter-level travel time spent in this place.
 D = Time resting spent in this place.
 E = Time spent auto-exploring this place.
 F = Levels seen in this place.
 G = Mean time per level.
                   A        B        C        D        E       F      G
               +--------+--------+--------+--------+--------+-----+--------+
         Total |   1049 |   1027 |     22 |    196 |    558 |   2 |  524.5 |
       Dungeon |   1049 |   1027 |     22 |    196 |    558 |   2 |  524.5 |
               +--------+--------+--------+--------+--------+-----+--------+

Top non-repeatable levels by time:
     D:1: 724 daAuts
     D:2: 325 daAuts
